 Dungeon Crawl Stone Soup version 0.14.0-17-gc0b17a5 (webtiles) character file.

1028 staplegun the Cudgeler (level 7, -3/46 HPs)
             Began as a Gargoyle Berserker on Apr 19, 2014.
             Was a Priest of Trog.
             Killed from afar by an orc wizard (9 damage)
             ... with a magic dart
             ... on Level 5 of the Dungeon.
             The game lasted 00:05:28 (3658 turns).

staplegun the Cudgeler (Gargoyle Berserker)         Turns: 3658, Time: 00:05:28

HP  -3/46        AC 14     Str 22      XL: 7   Next: 86%
MP   7/7         EV  7     Int  8      God: Trog [***...]
Gold 243         SH  0     Dex  9      Spells:  0 memorised,  6 levels left

rFire  . . .     SeeInvis .     a - +0 mace
rCold  . . .     Clarity  .     y - +0 chain mail
rNeg   + . .     Conserve .     (no shield)
rPois  +         rCorr    .     (no helmet)
rElec  +         rRot     +     (no cloak)
SustAb . .       Spirit   .     (no gloves)
rMut   .         Warding  .     (no boots)
Saprov . . .     Stasis   .     (no amulet)
MR     .....                    (no ring)
                                (no ring)

@: exhausted, slowed, very slow, not resistant to hostile enchantments,
extremely unstealthy
A: life protection 1, electricity resistance, unbreathing, petrification
resistance, AC +4
a: Burn Spellbooks, Berserk, Trog's Hand, Renounce Religion


You were on level 5 of the Dungeon.
You worshipped Trog.
Trog was most pleased with you.
You were very hungry.

You visited 1 branch of the dungeon, and saw 5 of its levels.

You collected 243 gold pieces.

Inventory:

Hand weapons
 a - a +0,+0 mace (weapon)
Armour
 b - a +0 animal skin
 y - a +0 chain mail (worn)
Magical devices
 u - a wand of confusion (0)
Comestibles
 c - 2 bread rations
 B - a chunk of ogre flesh
 C - a meat ration
Scrolls
 e - 4 scrolls of remove curse {unknown}
 g - 10 scrolls of identify {unknown}
 h - 2 scrolls of enchant weapon I {unknown}
 j - a scroll of noise {unknown}
 l - a scroll of magic mapping {unknown}
 m - 4 scrolls of fear {unknown}
 n - a scroll of fog {unknown}
 q - 2 scrolls of recharging {unknown}
 r - 2 scrolls of blinking {unknown}
 v - 5 scrolls of immolation {unknown}
 w - 4 scrolls of teleportation {unknown}
Jewellery
 i - an uncursed ring of protection from fire {unknown}
 k - an uncursed amulet of warding {unknown}
 p - an uncursed ring of sustenance {unknown}
 x - an uncursed ring of wizardry {unknown}
 z - an uncursed ring of teleport control {unknown}
Potions
 d - a potion of magic {unknown}
 f - 4 potions of curing
 o - a potion of lignification {unknown}
 s - a potion of restore abilities {unknown}
 t - 2 potions of paralysis {unknown}
 A - 2 potions of heal wounds {unknown}


   Skills:
 + Level 6.2 Fighting
 + Level 6.5 Maces & Flails
 + Level 5.4 Armour
 - Level 1.5 Dodging


You had 6 spell levels left.
You didn't know any spells.

Dungeon Overview and Level Annotations

Branches:
Dungeon (5/15)
 Temple: D:4-7

Altars:
Nemelex Xobeh
Sif Muna
Xom


Innate Abilities, Weirdness & Mutations

You are resistant to torment.
You are immune to poison.
You are immune to rotting.
Your stone body is very resilient (AC +4).
You resist negative energy.
You are resistant to electric shocks.
You can survive without breathing.
You are immune to petrification.


Message History

Your chain mail prevents you from hitting the orc priest.
The orc priest is severely wounded.
The orc priest hits you but does no damage.
You barely miss the orc priest.
The orc priest is severely wounded.
The orc priest utters an invocation to Beogh.
You feel troubled.
You bludgeon the orc priest!!
You kill the orc priest!
Trog accepts your kill.
You see here a morningstar.
You feel a strong urge to attack something.
You are no longer berserk.
You are exhausted.
You feel yourself slow down.
You are feeling very hungry.
The orc wizard shouts!
The orc wizard points at you and mumbles some strange words.
The magic dart hits you!
You die...

+.......o
#.......
#..%.o.
..... o..
#'# #.#
#)###
#@.)##
###).##
##).#
##.# #.#
#.# #.#
#.# #.#


You could see an orc wizard.

Vanquished Creatures
  2 ogres
  A scorpion (D:3)
  A hippogriff skeleton (D:5)
  2 orc priests (D:5)
  3 iguanas (D:4)
  2 orc wizards
  3 worker ants
  Ijyb (D:3)
  6 gnolls
  10 adders
  A worm (D:3)
  3 giant geckos
  5 orcs
  2 ball pythons (D:3)
  12 bats
  5 giant cockroaches
  7 goblins
  9 hobgoblins
  4 jackals (D:3)
  7 kobolds
  2 quokkas
  3 giant newts
  7 rats
98 creatures vanquished.

Vanquished Creatures (others)
  A gnoll (D:3)
1 creature vanquished.

Grand Total: 99 creatures vanquished

Notes
Turn   | Place    | Note
--------------------------------------------------------------
     0 | D:1      | staplegun, the Gargoyle Berserker, began the quest for the Orb.
     0 | D:1      | Reached XP level 1. HP: 14/14 MP: 1/1
   119 | D:1      | Reached XP level 2. HP: 12/19 MP: 2/2
   481 | D:2      | Reached XP level 3. HP: 24/24 MP: 3/3
   514 | D:2      | Found a deep blue altar of Sif Muna.
   729 | D:2      | Reached skill level 4 in Fighting
   825 | D:2      | Acquired Trog's second power
   827 | D:2      | Reached XP level 4. HP: 28/29 MP: 4/4
   913 | D:2      | Found a shimmering altar of Xom.
  1365 | D:3      | Noticed Ijyb
  1397 | D:3      | Killed Ijyb
  1397 | D:3      | Reached XP level 5. HP: 19/34 MP: 5/5
  1557 | D:3      | Found a sparkling altar of Nemelex Xobeh.
  1672 | D:3      | Reached skill level 5 in Maces & Flails
  2041 | D:3      | Reached skill level 5 in Fighting
  2041 | D:3      | Reached XP level 6. HP: 38/40 MP: 6/6
  2755 | D:4      | Reached XP level 7. HP: 11/44 MP: 7/7
  3170 | D:4      | Reached skill level 6 in Maces & Flails
  3577 | D:5      | Entered Level 5 of the Dungeon
  3581 | D:5      | Reached skill level 5 in Armour
  3658 | D:5      | Killed from afar by an orc wizard

Action                   |  1- 3 |  4- 6 |  7- 9 || total
-------------------------+-------+-------+-------++-------
Melee: Mace              |    91 |   272 |    83 ||   446
Invok: Berserk           |     1 |     2 |     3 ||     6
       Trog's Hand       |       |     3 |       ||     3
  Use: Potion            |       |     3 |       ||     3
